Map: 16-Bit LE

Players

GOStephano (Stephano) - Winner!

  • Race: Zerg Zerg
  • League: Master
  • Spawn Location: 1:00

Clem

  • Race: Terran Terran
  • League: Grandmaster
  • Spawn Location: 7:00

Event: HomeStory Cup XVII

VOD

Have the link to the VOD?

Description

Time

  • Played on: June 28, 2018, 8:16 a.m.
  • Length: 8:48

All games in this series

Show
View Real Time Build Order
Export as new Build Order

GOStephano Zerg - Winner!

Build Orders: Hatch First 

Get SALT Encoding   

  12  0:01  Drone  
  13  0:12  Overlord  
  13  0:17  Drone  
  14  0:30  Drone  
  14  0:31  Drone  
  16  0:50  Hatchery  
  16  0:52  Drone  
  16  0:56  Drone  
  17  1:00  Drone  
  18  1:09  Extractor  
  17  1:16  Spawning Pool  
  16  1:19  Drone  
  16  1:22  Drone  
  18  1:29  Drone  
  19  1:45  Drone  
  20  2:02  Queen x2  
  20  2:03  Spine Crawler, Zergling x4  
  20  2:05  Zergling x2  
  26  2:12  Overlord  
  26  2:18  Metabolic Boost  
  26  2:25  Zergling x4  
  28  2:34  Zergling x6  
  30  2:44  Queen  
  30  2:49  Overlord  
  32  2:54  Drone  
  32  2:55  Drone  
  34  2:59  Drone  
  35  3:12  Drone x5  
  40  3:17  Overlord  
  40  3:21  Drone  
  41  3:28  Drone x2  
  40  3:43  Hatchery  
  40  3:45  Drone x2  
  40  3:49  Drone  
  40  3:53  Drone x2  
  41  3:57  Drone x4  
  45  4:04  Overlord  
  45  4:06  Drone x2  
  46  4:14  Drone  
  46  4:17  Queen x2  
  51  4:25  Drone x2  
  51  4:26  Drone x3  
  56  4:34  Drone x4  
  56  4:38  Evolution Chamber  
  59  4:40  Evolution Chamber  
  58  4:46  Zergling x2  
  58  4:47  Overlord  
  59  4:56  Queen x2  
  59  4:59  Queen  
  65  5:00  Zergling x2  
  65  5:02  Spore Crawler  
  65  5:03  Zergling x2  
  65  5:04  Overlord  
  66  5:08  Zerg Ground Armor Level 1  
  66  5:11  Zerg Melee Weapons Level 1  
  66  5:13  Zergling x4  
  68  5:21  Zergling x2  
  68  5:22  Zergling x10  
  74  5:28  Overlord  
  74  5:33  Drone x7  
  74  5:35  Extractor  
  80  5:36  Queen, Extractor  
  81  5:43  Overlord  
  81  5:46  Queen  
  83  5:55  Lair  
  83  6:02  Hatchery  
  83  6:03  Baneling Nest  
  81  6:06  Zergling x16  
  89  6:22  Drone  
  89  6:23  Hatchery  
  89  6:24  Overlord x2  
  88  6:37  Overlord  
  88  6:42  Overlord  
  88  6:45  Zergling x2  
  88  6:46  Zergling x12  
  95  6:53  Zergling x14  
  102  7:03  Centrifical Hooks  
  102  7:07  Zergling x10  
  107  7:12  Zergling x4  
  109  7:28  Zergling x16  
  102  7:41  Zergling x2  
  102  7:42  Zergling x8  
  101  7:50  Zergling x6  
  101  7:52  Baneling x7  
  101  7:56  Zergling x6  
  103  8:01  Drone x3  
  103  8:05  Drone x5  
  103  8:08  Zergling x12  
  103  8:09  Zergling x8  
  103  8:10  Baneling x2  
  103  8:11  Baneling x11  
  118  8:16  Zergling x2  
  118  8:17  Zergling x2  
  119  8:20  Zergling x2  
  119  8:21  Zergling x4  
  119  8:25  Zergling x2  
Show
View Real Time Build Order
Export as new Build Order

Clem Terran 

Build Orders: MMM Bio 

Get SALT Encoding   

  12  0:00  SCV  
  13  0:12  SCV  
  14  0:17  Supply Depot  
  14  0:25  SCV  
  15  0:39  SCV  
  15  0:41  Barracks  
  16  0:53  Barracks  
  16  1:06  Barracks  
  16  1:12  SCV  
  17  1:29  Orbital Command, Marine  
  18  1:34  Supply Depot  
  18  1:40  Marine  
  19  1:49  Marine  
  20  1:54  Marine  
  20  1:56  SCV  
  20  1:58  Marine  
  23  2:07  Marine  
  23  2:08  Refinery  
  24  2:09  SCV  
  26  2:21  SCV  
  26  2:24  Bunker  
  26  2:33  SCV  
  26  2:38  Command Center  
  26  2:43  Marine  
  27  2:47  SCV  
  27  2:49  Refinery  
  28  2:54  Supply Depot  
  28  2:59  SCV  
  28  3:05  Barracks Tech Lab  
  29  3:11  SCV  
  30  3:17  Factory  
  30  3:23  SCV  
  30  3:24  Marine  
  32  3:28  Marine  
  32  3:29  Marine  
  34  3:34  Supply Depot  
  34  3:36  SCV  
  35  3:42  Marine  
  35  3:45  Marine  
  35  3:47  Marine  
  29  3:56  SCV  
  29  4:00  Marine  
  31  4:08  Starport  
  31  4:10  Marine  
  31  4:13  Marine  
  31  4:17  Factory Reactor, SCV  
  34  4:24  Stimpack  
  34  4:31  Orbital Command  
  34  4:34  SCV  
  34  4:36  Marine  
  34  4:38  Marine  
  37  4:40  Marine  
  38  4:46  SCV  
  39  4:55  Marine x2  
  39  4:58  Marine, SCV  
  43  5:01  Medivac  
  43  5:04  Medivac  
  43  5:06  SCV  
  48  5:13  Marine x2  
  50  5:15  Supply Depot  
  50  5:16  Marine, SCV  
  50  5:18  SCV  
  53  5:22  Factory Tech Lab  
  53  5:27  Barracks  
  53  5:31  Engineering Bay  
  53  5:33  SCV  
  55  5:37  Barracks Reactor  
  55  5:38  Barracks Reactor  
  55  5:39  SCV  
  54  5:43  Marine  
  54  5:45  SCV, Barracks  
  56  5:50  Siege Tank  
  56  5:56  Supply Depot  
  59  6:00  SCV  
  59  6:01  SCV  
  61  6:07  Marine  
  62  6:12  Supply Depot  
  62  6:13  SCV  
  62  6:14  Refinery x2, SCV  
  64  6:19  Marine  
  64  6:20  Marine x2  
  64  6:23  Marine  
  64  6:25  Combat Shields, Barracks Reactor  
  68  6:27  Terran Infantry Weapons Level 1  
  68  6:32  Marine x2  
  70  6:36  Siege Tank  
  70  6:38  Supply Depot  
  73  6:40  Marine  
  73  6:42  Marine x2  
  76  6:48  SCV x2  
  76  6:49  Marine  
  76  6:50  Marine  
  76  6:54  Medivac  
  82  6:58  Marine  
  82  6:59  Supply Depot  
  83  7:01  Medivac  
  83  7:03  Marine  
  83  7:06  Marine  
  83  7:08  Marine x2  
  88  7:10  Marine  
  88  7:13  Marine  
  91  7:18  Siege Tank  
  91  7:21  Marine x2  
  91  7:22  Marine  
  97  7:24  Marine  
  91  7:33  Marine x2  
  91  7:35  Marine x2  
  86  7:41  Marine  
  86  7:42  Marine x2  
  83  7:50  Marine, Siege Tank  
  83  7:51  Marine  
  86  7:52  Marine  
  86  7:53  Barracks Reactor, Marine  
  86  7:54  Medivac  
  90  7:58  Marine  
  90  8:00  Marine  
  90  8:01  Supply Depot, Marine  
  92  8:10  Marine x3  
  92  8:11  Marine  
  96  8:14  Medivac  
  96  8:16  Marine  
  99  8:20  Supply Depot  
  99  8:23  Supply Depot  
  99  8:25  Marine  
  99  8:26  Marine  
  104  8:27  Marine  
Tags
 
Add a new tag
Caveats
  • Supply blocks, unpowered buildings, or Contaminate may cause inaccurate times.
  • Supply counts are checked every 10 seconds.